 Dungeon Crawl Stone Soup version 0.18-a0-265-g7d804c3 (webtiles) character file.

126 Proton the Shield-Bearer (level 5, 0/42 HPs)
             Began as a Formicid Fighter on Nov 26, 2015.
             Slain by Crazy Yiuf
             ... wielding a +4 quarterstaff of chaos
              (11 damage)
             ... on level 2 of the Dungeon.
             The game lasted 00:03:07 (1943 turns).

Proton the Shield-Bearer (Formicid Fighter)         Turns: 1943, Time: 00:03:07

Health: 0/42       AC:  7    Str: 21    XL:     5   Next: 31%
Magic:  1/5        EV:  8    Int:  8    God:
Gold:   97         SH:  9    Dex: 10    Spells: 0 memorised, 4 levels left

rFire  . . .     SeeInvis +     a - +0 war axe
rCold  . . .     Clarity  .     b - +0 scale mail
rNeg   . . .     SustAt   .     c - +0 shield
rPois  .         Gourm    .     (helmet unavailable)
rElec  .         Spirit   .     (no cloak)
rCorr  .         Warding  .     (no gloves)
rMut   .         Stasis   +     (no boots)
MR     .....                    (no amulet)
Stlth  ..........               (no ring)
                                (no ring)

@: not resistant to hostile enchantments, extremely unstealthy
A: permanent stasis, dig shafts and tunnels, four strong arms, antennae 3
a: Dig, Shaft Self


You were on level 2 of the Dungeon.
You were not hungry.

You visited 1 branch of the dungeon, and saw 2 of its levels.

You collected 97 gold pieces.

Inventory:

Hand Weapons
 a - a +0 war axe (weapon)
Armour
 b - a +0 scale mail (worn)
 c - a +0 shield (worn)
Scrolls
 f - a scroll of identify {unknown}
 h - a scroll of fear {unknown}
 i - 2 scrolls of remove curse {unknown}
 j - 3 scrolls of random uselessness {unknown}
 k - a scroll of teleportation {unknown}
Potions
 d - a potion of might
 g - 2 potions of curing {unknown}
 l - a potion of poison {unknown}
 m - a potion of mutation {unknown}
Comestibles
 e - a bread ration


   Skills:
 + Level 4.0 Fighting
 * Level 3.3 Axes
 + Level 3.8 Armour
 + Level 4.8 Shields


You had 4 spell levels left.
You didn't know any spells.

Dungeon Overview and Level Annotations

Branches:
Dungeon (2/15)

Altars:
Trog
Vehumet

Annotations:
D:2 Crazy Yiuf


Innate Abilities, Weirdness & Mutations

You are under a permanent stasis effect.
You can dig through walls and to a lower floor.
Your four strong arms can wield two-handed weapons with a shield.
You have a pair of large antennae on your head (SInv).


Message History

Crazy Yiuf is moderately wounded.
You block Crazy Yiuf's attack.
You barely miss Crazy Yiuf.
Crazy Yiuf is moderately wounded.
Crazy Yiuf says, "Cake cower mobile!"
Crazy Yiuf hits you with a quarterstaff of chaos!
You barely miss Crazy Yiuf.
Crazy Yiuf is moderately wounded.
You block Crazy Yiuf's attack.
You hit Crazy Yiuf but do no damage.
Crazy Yiuf is moderately wounded.
You barely miss Crazy Yiuf.
Crazy Yiuf is moderately wounded.
You block Crazy Yiuf's attack.
Your shield prevents you from hitting Crazy Yiuf.
Crazy Yiuf is moderately wounded.
Crazy Yiuf hits you with a quarterstaff of chaos!
* * * LOW HITPOINT WARNING * * *
You are electrocuted!
You die...

.......................#...#.....
...........###########.'...#.....
.#######...# ###...#.....
...........# ##### #.....#.....
...........# #..)# #.....#.)...
...........# #...# #.......)...
..###......# ... #.###...###.
..###......# #g# #.# #..(# ##
...........# ♣♣@♣ #.###...#
...........# ♣.♣♣ #.....#)##
...........# ♣♣.♣ #........###
######.....# ♣.♣♣ #.......<...
.....'†....# ♣♣.♣♣ #...........
.#####....## ♣.P.♣♣ #...........
.##.......## ♣P♣.P♣ #.....#.....
.##........# #....# #.....#.#.##
.##........###....####.....#.....


You could see Crazy Yiuf.

Vanquished Creatures
  4 gnolls
  3 adders (D:2)
  An ooze (D:1)
  A giant gecko (D:1)
  5 bats
  A giant cockroach (D:2)
  6 goblins
  11 hobgoblins
  4 jackals (D:2)
  8 kobolds
  3 giant newts
  7 rats
  2 fungi (D:2)
56 creatures vanquished.

Notes
Turn   | Place    | Note
--------------------------------------------------------------
     0 | D:1      | Proton the Formicid Fighter began the quest for the Orb.
     0 | D:1      | Reached XP level 1. HP: 18/18 MP: 1/1
   127 | D:1      | Reached XP level 2. HP: 22/24 MP: 2/2
   355 | D:1      | Reached skill level 4 in Shields
   355 | D:1      | Reached XP level 3. HP: 21/29 MP: 3/3
  1000 | D:2      | Reached XP level 4. HP: 16/37 MP: 4/4
  1416 | D:2      | Reached XP level 5. HP: 34/42 MP: 5/5
  1733 | D:2      | Found a radiant altar of Vehumet.
  1735 | D:2      | Found a bloodstained altar of Trog.
  1932 | D:2      | Noticed Crazy Yiuf
  1943 | D:2      | Slain by Crazy Yiuf

Vault maps used:
D:1:      elethiomel_arrival_quiet, st_stairs_5, minmay_liquid_box,
          minmay_misc_feat_four_crosses, minmay_cupped
D:2:      nicolae_overflow_hidden_temple, first_bread, kennysheep_nub,
          uniq_crazy_yiuf_cottage

Action                   |  1- 3 |  4- 6 || total
-------------------------+-------+-------++-------
Melee: War axe           |    85 |   108 ||   193
  Eat: Bread ration      |       |     1 ||     1
